Map: Ujari

Players

Knepig

  • Race: Zerg Zerg
  • Spawn Location: 0:00

Bås

  • Race: Terran Terran
  • Spawn Location: 3:00

Perseus

  • Race: Protoss Protoss
  • Spawn Location: 3:00

TimeTwist - Winner!

  • Race: Protoss Protoss
  • Spawn Location: 9:00

Loken - Winner!

  • Race: Zerg Zerg
  • Spawn Location: 9:00

Scaramanga - Winner!

  • Race: Terran Terran
  • Spawn Location: 0:00

VOD

Have the link to the VOD?

Description

Time

  • Played on: March 11, 2017, 10:48 a.m.
  • Length: 13:44
Show
View Real Time Build Order
Export as new Build Order

Knepig Zerg 

Build Orders: Pool First 

Get SALT Encoding   

  12  0:02  Drone  
  13  0:09  Drone  
  14  0:19  Overlord  
  14  0:35  Spawning Pool  
  13  0:37  Drone  
  13  0:41  Drone  
  16  0:50  Drone x2  
  17  1:18  Hatchery  
  16  1:26  Zergling x2  
  16  1:27  Zergling x4  
  19  1:34  Queen  
  21  1:41  Overlord  
  21  1:58  Drone  
  22  2:01  Extractor  
  21  2:21  Drone x3, Extractor  
  22  2:59  Drone x4  
  22  3:00  Roach Warren  
  22  3:03  Queen  
  22  3:04  Drone x3  
  30  3:37  Lair  
  30  3:39  Drone x5  
  35  3:42  Extractor, Overlord x3  
  35  3:43  Extractor  
  33  3:56  Drone x2  
  33  4:00  Overlord  
  33  4:01  Overlord  
  35  4:13  Drone x2  
  35  4:14  Drone  
  38  4:18  Drone x3  
  41  4:25  Drone x2  
  43  4:38  Overlord  
  43  4:45  Spire  
  43  4:47  Drone x2  
  44  4:58  Roach x2  
  44  4:59  Roach  
  37  5:16  Roach x3  
  38  5:26  Roach  
  38  5:27  Roach  
  37  5:43  Roach x2  
  36  6:03  Roach  
  36  6:04  Roach x3  
  33  6:20  Roach x2  
  34  6:30  Roach x2  
  36  6:48  Roach x2  
  38  7:03  Drone  
  38  7:04  Drone x3  
  42  7:11  Spawning Pool  
  42  7:51  Drone x3  
  42  7:52  Drone  
  42  7:58  Queen  
  45  7:59  Drone  
  45  8:03  Hatchery  
  47  8:18  Drone  
  47  8:19  Drone  
  49  8:35  Drone  
  50  8:45  Drone  
  50  8:48  Roach Warren  
  50  9:20  Drone x5  
  50  9:21  Queen, Drone  
  58  9:42  Roach x4  
  66  9:50  Overlord  
  66  9:51  Overlord  
  66  10:30  Roach x3  
  66  10:31  Roach x6  
  68  11:07  Drone x4, Extractor  
  68  11:08  Extractor  
  70  11:13  Roach  
  70  11:14  Roach x3  
  78  11:18  Evolution Chamber  
  75  11:50  Roach x8  
  75  11:53  Pneumatized Carapace, Overlord  
  75  11:54  Overlord  
Show
View Real Time Build Order
Export as new Build Order

Bås Terran 

Build Orders:  

Get SALT Encoding   

  12  0:01  SCV  
  13  0:13  SCV  
  14  0:22  Supply Depot  
  14  0:25  SCV  
  15  0:43  SCV  
  16  0:55  SCV  
  17  1:08  SCV  
  17  1:10  Barracks  
  18  1:20  SCV  
  19  1:32  SCV  
  20  1:33  Command Center  
  20  1:43  Refinery  
  20  1:44  SCV  
  21  1:56  SCV  
  22  2:05  Refinery  
  23  2:08  SCV  
  23  2:25  Supply Depot  
  23  2:28  Supply Depot  
  23  2:44  Marine, Engineering Bay  
  24  2:55  SCV  
  25  2:58  Supply Depot  
  26  3:07  SCV, Barracks Tech Lab  
  26  3:11  SCV  
  27  3:19  SCV  
  28  3:23  SCV  
  28  3:24  Supply Depot  
  29  3:27  Marine  
  29  3:32  SCV  
  31  3:34  Barracks  
  31  3:35  SCV  
  31  3:38  Barracks  
  32  3:43  Terran Infantry Weapons Level 1  
  32  3:44  SCV  
  32  3:45  Marine  
  32  3:48  SCV  
  35  4:00  SCV  
  37  4:03  Marine  
  37  4:06  Orbital Command  
  37  4:14  SCV  
  37  4:16  Refinery  
  38  4:18  Refinery  
  38  4:22  Factory  
  38  4:26  SCV  
  38  4:29  Barracks Reactor  
  39  4:31  Barracks Reactor  
  39  4:38  SCV  
  40  4:39  SCV  
  41  4:50  SCV  
  41  4:51  SCV  
  41  5:02  SCV  
  41  5:03  SCV  
  43  5:10  Marauder  
  43  5:13  Marine x2  
  46  5:14  Marine x2  
  46  5:15  SCV  
  46  5:17  Widow Mine  
  50  5:21  Barracks  
  50  5:27  SCV  
  51  5:31  Marine x2  
  51  5:32  Marine  
  55  5:36  Marine  
  55  5:37  Terran Infantry Armor Level 1  
  54  5:46  Widow Mine  
  54  5:48  Marine  
  54  5:49  Marine  
  55  5:50  Marine  
  55  5:54  Marine  
  54  6:06  Marine x2  
  54  6:07  Marine  
  56  6:12  Marine  
  56  6:14  Widow Mine  
  58  6:20  Supply Depot  
  58  6:24  Orbital Command, Supply Depot  
  58  6:26  Supply Depot  
  58  6:28  Supply Depot  
  58  6:37  Marine x2  
  58  6:39  Marine x2  
  54  6:43  Widow Mine  
  48  6:55  Marine x2  
  48  6:57  Marine x2  
  51  7:03  Bunker  
  51  7:04  Supply Depot  
  51  7:07  Command Center  
  51  7:11  Widow Mine  
  51  7:13  Marine x2  
  51  7:14  Marine  
  57  7:27  Marine  
  57  7:30  SCV, Marine  
  57  7:31  Marine  
  57  7:32  Marine  
  57  7:35  SCV  
  62  7:40  Widow Mine  
  62  7:42  SCV  
  65  7:44  Marine  
  65  7:48  SCV, Marine  
  65  7:49  Marine  
  65  7:50  Marine  
  70  7:54  SCV  
  70  7:55  Supply Depot  
  70  7:56  Refinery  
  71  8:00  SCV  
  72  8:06  Marine  
  73  8:13  Starport  
  73  8:16  Missile Turret  
  73  8:19  Missile Turret  
  73  8:37  Missile Turret  
  73  8:40  SCV  
  74  8:52  SCV  
  75  9:02  Marine x2  
  76  9:03  Marine  
  76  9:04  Marine  
  79  9:11  Barracks  
  79  9:13  SCV  
  80  9:18  Barracks  
  80  9:20  Factory Tech Lab, Marine x2  
  80  9:21  Marine x2  
  80  9:23  SCV  
  85  9:25  SCV  
  86  9:35  SCV  
  86  9:37  SCV  
  86  9:38  Marine x2  
  89  9:39  Marine x2  
  90  9:47  SCV  
  90  9:49  SCV  
  92  9:54  Armory  
  92  9:57  Marine x2, Sensor Tower  
  92  9:59  SCV, Marine x2  
  97  10:01  Starport Reactor  
  97  10:11  SCV  
  98  10:15  Marine x2  
  98  10:17  Marine  
  101  10:27  Supply Depot  
  101  10:29  Supply Depot  
  101  10:31  Supply Depot  
  101  10:38  Barracks Tech Lab x2  
  101  10:40  Barracks  
  101  10:48  SCV, Marine x4  
  103  11:00  SCV  
  101  11:06  Marine  
  102  11:17  Marauder  
  100  11:19  Marauder  
  100  11:24  Marine x2  
  104  11:26  Medivac x2  
  108  11:39  Marauder  
  108  11:40  Marauder  
  108  11:42  Marine  
  111  11:56  Medivac x2  
  111  12:01  Marauder  
  98  12:09  Marine  
  98  12:10  Marine  
  65  12:27  Marine x2  
  54  12:45  Marine  
Show
View Real Time Build Order
Export as new Build Order

Perseus Protoss 

Build Orders: Double Forge 

Get SALT Encoding   

  12  0:01  Probe (Chrono Boost)  
  13  0:21  Pylon  
  13  0:25  Probe (Chrono Boost)  
  14  0:37  Probe (Chrono Boost)  
  15  0:44  Gateway  
  15  0:49  Probe (Chrono Boost)  
  16  0:59  Probe (Chrono Boost)  
  17  1:10  Forge, Probe (Chrono Boost)  
  18  1:20  Probe (Chrono Boost)  
  19  1:31  Assimilator, Probe (Chrono Boost)  
  20  1:39  Pylon  
  20  1:40  Zealot  
  20  1:46  Photon Cannon  
  22  1:50  Pylon  
  22  1:57  Probe (Chrono Boost)  
  22  2:00  Assimilator  
  23  2:07  Probe (Chrono Boost)  
  24  2:31  Pylon  
  24  2:44  Pylon  
  24  2:53  Cybernetics Core  
  24  2:57  Pylon  
  24  3:01  Pylon  
  24  3:16  Warp Gate  
  24  3:20  Gateway  
  24  3:22  Gateway  
  24  3:24  Gateway  
  24  3:40  Probe (Chrono Boost)  
  25  3:41  Protoss Ground Weapons Level 1  
  25  4:02  Zealot  
  27  4:06  Nexus  
  27  4:12  Pylon  
  27  4:13  Assimilator  
  27  4:26  Twilight Council  
  27  4:27  Gateway  
  27  4:31  Forge  
  27  4:35  Pylon  
  28  4:53  Probe (Chrono Boost)  
  28  5:22  Probe (Chrono Boost)  
  28  5:24  Stalker x3  
  35  5:33  Probe (Chrono Boost)  
  36  5:43  Probe (Chrono Boost)  
  35  5:51  Stalker x4  
  35  5:54  Probe (Chrono Boost)  
  44  6:04  Probe (Chrono Boost)  
  44  6:06  Stalker  
  47  6:17  Stalker x3  
  53  6:46  Stalker  
  53  6:47  Stalker x4  
  61  7:26  Probe (Chrono Boost)  
  62  7:33  Photon Cannon  
  62  7:35  Assimilator  
  62  7:37  Probe (Chrono Boost)  
  63  7:38  Pylon, Blink  
  63  7:40  Probe (Chrono Boost)  
  63  7:44  Zealot  
  63  7:45  Zealot x2  
  63  7:47  Probe (Chrono Boost)  
  71  7:52  Probe (Chrono Boost)  
  71  7:55  Protoss Ground Armor Level 1  
  71  7:58  Probe (Chrono Boost)  
  72  7:59  Protoss Ground Weapons Level 2  
  72  8:04  Probe (Chrono Boost)  
  73  8:08  Probe (Chrono Boost)  
  74  8:16  Probe (Chrono Boost)  
  74  8:19  Probe (Chrono Boost)  
  76  8:27  Stalker  
  76  8:28  Stalker x2  
  76  8:29  Probe x2 (Chrono Boost)  
  84  8:36  Pylon  
  84  8:38  Pylon  
  84  8:40  Probe (Chrono Boost)  
  84  8:41  Probe (Chrono Boost)  
  86  8:50  Probe (Chrono Boost)  
  87  9:01  Photon Cannon  
  87  9:03  Photon Cannon  
  87  9:28  Nexus  
  87  9:31  Assimilator  
  87  9:36  Assimilator  
  87  9:39  Stalker x5  
  97  10:07  Nexus  
  97  10:10  Assimilator  
  97  10:13  Assimilator  
  97  10:17  Pylon  
  97  10:20  Pylon, Zealot  
  97  10:21  Zealot x2  
  103  10:22  Pylon  
  91  10:42  Stalker x4  
  87  10:43  Stalker  
  75  11:08  Probe (Chrono Boost)  
  76  11:15  Probe (Chrono Boost)  
  77  11:19  Probe x2 (Chrono Boost)  
  77  11:24  Probe (Chrono Boost)  
  80  11:27  Probe (Chrono Boost)  
  80  11:29  Probe (Chrono Boost)  
  80  11:30  Stalker x3, Probe (Chrono Boost)  
  89  11:34  Probe (Chrono Boost)  
  89  11:37  Gateway  
  92  11:40  Probe x3 (Chrono Boost)  
  92  11:45  Probe (Chrono Boost)  
  94  11:50  Probe (Chrono Boost)  
  94  11:51  Probe (Chrono Boost)  
  94  11:52  Zealot  
  94  11:53  Zealot x4  
  106  11:55  Probe (Chrono Boost)  
  105  12:01  Probe (Chrono Boost)  
  106  12:22  Stalker  
  108  12:23  Stalker x4  
  112  13:00  Stalker x4  
Show
View Real Time Build Order
Export as new Build Order

TimeTwist Protoss - Winner!

Build Orders:  

Get SALT Encoding   

  12  0:01  Probe (Chrono Boost)  
  13  0:12  Probe (Chrono Boost)  
  14  0:19  Pylon  
  14  0:23  Probe (Chrono Boost)  
  15  0:38  Probe (Chrono Boost)  
  15  0:40  Gateway  
  16  0:48  Probe (Chrono Boost)  
  17  0:52  Assimilator  
  17  0:59  Probe (Chrono Boost)  
  18  1:09  Pylon, Probe (Chrono Boost)  
  19  1:20  Probe (Chrono Boost)  
  20  1:30  Probe (Chrono Boost)  
  21  1:35  Zealot  
  21  1:37  Cybernetics Core  
  23  1:42  Probe (Chrono Boost)  
  24  1:52  Probe (Chrono Boost)  
  25  1:56  Assimilator  
  25  2:03  Probe (Chrono Boost)  
  25  2:07  Warp Gate  
  25  2:08  Zealot  
  28  2:14  Probe (Chrono Boost)  
  28  2:26  Probe (Chrono Boost)  
  28  2:29  Gateway  
  29  2:30  Gateway  
  29  2:34  Gateway  
  30  2:38  Probe (Chrono Boost)  
  30  2:50  Probe (Chrono Boost)  
  31  3:03  Pylon  
  31  3:18  Nexus  
  31  3:23  Probe (Chrono Boost)  
  32  3:35  Stalker x2  
  32  3:36  Stalker  
  38  3:43  Pylon  
  38  3:50  Pylon  
  38  3:55  Pylon  
  38  4:12  Probe (Chrono Boost)  
  39  4:18  Zealot x2  
  39  4:19  Sentry  
  39  4:20  Sentry  
  47  4:31  Probe (Chrono Boost)  
  48  4:39  Probe (Chrono Boost)  
  48  4:42  Stalker, Probe (Chrono Boost)  
  48  4:44  Sentry x2  
  56  4:50  Pylon, Probe (Chrono Boost)  
  58  4:53  Probe (Chrono Boost)  
  58  5:01  Pylon  
  58  5:18  Probe x2 (Chrono Boost)  
  58  5:20  Stalker x2  
  58  5:21  Stalker  
  66  5:22  Sentry  
  66  5:28  Probe x2 (Chrono Boost)  
  70  5:39  Probe (Chrono Boost)  
  71  5:52  Zealot x3  
  71  5:54  Zealot  
  71  6:06  Pylon  
  69  6:11  Probe (Chrono Boost)  
  69  6:12  Probe (Chrono Boost)  
  67  6:22  Probe x2 (Chrono Boost)  
  67  6:25  Zealot x2  
  67  6:26  Stalker x2  
  74  6:32  Probe (Chrono Boost)  
  74  6:43  Probe x2 (Chrono Boost)  
  72  6:47  Zealot x2  
  72  6:53  Probe x2 (Chrono Boost)  
  65  7:03  Assimilator  
  65  7:04  Probe (Chrono Boost)  
  65  7:05  Pylon  
  65  7:06  Pylon  
  65  7:07  Assimilator  
  66  7:10  Robotics Facility  
  66  7:13  Gateway  
  66  7:14  Probe (Chrono Boost)  
  66  7:15  Gateway  
  67  7:21  Gateway  
  67  7:22  Probe (Chrono Boost)  
  68  7:25  Forge, Probe (Chrono Boost)  
  68  7:27  Zealot x2  
  68  7:28  Forge, Zealot x2  
  77  7:33  Probe (Chrono Boost)  
  77  7:34  Twilight Council  
  77  7:35  Probe (Chrono Boost)  
  79  7:47  Probe (Chrono Boost)  
  79  7:48  Probe (Chrono Boost)  
  81  7:53  Pylon  
  81  7:54  Observer  
  81  7:57  Pylon  
  84  7:58  Probe (Chrono Boost)  
  84  7:59  Probe (Chrono Boost)  
  84  8:08  Protoss Ground Weapons Level 1  
  84  8:11  Stalker x2  
  84  8:12  Stalker  
  90  8:13  Stalker  
  90  8:14  Protoss Ground Armor Level 1  
  90  8:17  Stalker x3  
  98  8:20  Charge  
  98  8:24  Probe x2 (Chrono Boost)  
  100  8:31  Immortal  
  104  8:46  Nexus  
  104  8:53  Pylon  
  104  8:56  Pylon  
  104  9:10  Immortal  
  104  9:12  Zealot x2  
  104  9:13  Zealot  
  104  9:14  Sentry  
  116  9:17  Sentry  
  116  9:18  Sentry  
  120  9:30  Robotics Bay  
  120  9:44  Zealot x2  
  124  9:45  Sentry  
  126  9:56  Immortal  
  126  9:58  Assimilator  
  130  10:02  Assimilator  
  130  10:06  Extended Thermal Lance  
  130  10:19  Pylon  
  130  10:25  Zealot x3  
  130  10:27  Zealot x2  
  140  10:30  Pylon  
  140  10:35  Protoss Ground Weapons Level 2  
  140  10:36  Colossus  
  146  10:51  Probe (Chrono Boost)  
  146  10:52  Protoss Ground Armor Level 2  
  147  11:01  Probe (Chrono Boost)  
  146  11:23  Colossus  
  150  11:37  Probe (Chrono Boost)  
  151  11:42  Nexus  
  151  11:45  Assimilator, Pylon  
  151  11:47  Pylon  
  151  11:49  Assimilator  
  151  11:50  Zealot x2  
  151  11:51  Zealot  
  151  11:52  Pylon  
  155  12:18  Colossus  
  155  12:27  Stalker  
  155  12:28  Stalker x4  
  155  12:29  Stalker  
  173  12:30  Stalker  
  175  12:57  Stalker x4  
  175  12:58  Stalker x3  
  189  13:27  Zealot  
  189  13:28  Zealot x2  
Show
View Real Time Build Order
Export as new Build Order

Loken Zerg - Winner!

Build Orders: Pool First 

Get SALT Encoding   

  12  0:01  Drone  
  13  0:13  Overlord  
  13  0:22  Drone  
  14  0:33  Drone  
  14  0:34  Drone  
  16  0:42  Drone  
  17  0:50  Drone  
  18  0:57  Spawning Pool  
  18  0:58  Drone  
  18  1:21  Hatchery  
  17  1:30  Overlord  
  17  1:44  Queen  
  19  1:50  Roach Warren  
  19  1:51  Drone x2, Extractor  
  19  1:52  Drone  
  20  2:04  Drone  
  21  2:37  Roach  
  21  2:38  Roach  
  21  2:42  Roach  
  27  2:50  Drone x3  
  30  2:58  Roach  
  32  3:02  Roach  
  32  3:05  Extractor, Overlord  
  33  3:09  Queen  
  35  3:13  Overlord  
  35  3:23  Queen  
  37  3:30  Drone x3  
  37  3:31  Drone x2  
  42  3:36  Drone  
  43  3:45  Ravager x2  
  45  3:54  Roach  
  45  3:55  Roach  
  49  4:00  Drone x3  
  52  4:30  Overlord x2  
  52  4:31  Overlord x2  
  52  5:06  Ravager  
  54  5:07  Ravager x4  
  54  5:11  Drone x4  
  54  5:12  Drone x4  
  65  5:20  Roach x2  
  65  5:21  Roach x2  
  60  6:48  Roach  
  60  6:49  Roach x14  
  74  6:55  Extractor  
  74  6:58  Lair, Extractor  
  72  7:06  Metabolic Boost  
  72  7:35  Overlord x2  
  72  7:36  Overlord x7  
  72  7:40  Drone  
  72  7:41  Drone x2  
  75  8:01  Roach  
  75  8:02  Roach x7  
  91  8:18  Glial Reconstitution  
  91  8:22  Spire  
  91  8:26  Evolution Chamber  
  89  8:29  Evolution Chamber  
  88  9:05  Hatchery  
  88  9:06  Hatchery  
  86  9:12  Hatchery  
  85  9:24  Roach x7  
  87  9:25  Roach x3  
  105  9:40  Hydralisk Den  
  105  9:41  Zerg Melee Weapons Level 1  
  105  9:42  Zerg Missile Weapons Level 1  
  105  9:45  Pneumatized Carapace  
  104  9:47  Zerg Flyer Weapons Level 1  
  104  9:48  Tunneling Claws  
  106  9:54  Burrow  
  104  10:01  Zergling x8  
  104  10:02  Zergling x10  
  93  10:46  Mutalisk x6  
  93  10:47  Mutalisk  
  85  10:50  Zergling x10  
  65  10:58  Hatchery  
  56  11:04  Zergling x2  
  56  11:05  Zergling x20  
  67  11:28  Drone x6  
  67  11:29  Drone x6  
  77  11:56  Drone x5  
  77  11:57  Drone x5  
  73  12:09  Extractor  
  73  12:13  Extractor  
  65  12:36  Mutalisk x3  
  65  12:37  Mutalisk x8  
  53  13:20  Roach  
  53  13:21  Roach x18  
  53  13:22  Roach  
Show
View Real Time Build Order
Export as new Build Order

Scaramanga Terran - Winner!

Build Orders: Reaper Expand, Bio Tank 

Get SALT Encoding   

  12  0:00  SCV  
  13  0:13  SCV  
  14  0:20  Supply Depot  
  14  0:25  SCV  
  15  0:41  SCV  
  15  0:42  Barracks  
  16  0:52  Refinery  
  16  0:53  SCV  
  17  1:05  SCV  
  18  1:19  SCV  
  19  1:31  Orbital Command  
  19  1:35  Reaper  
  20  1:48  Command Center  
  20  1:56  SCV  
  21  2:07  Marine  
  22  2:08  SCV  
  22  2:14  Factory  
  23  2:44  Supply Depot  
  23  2:48  SCV  
  23  2:52  Marine  
  23  3:06  SCV, Factory Reactor  
  24  3:13  SCV  
  24  3:18  SCV  
  26  3:20  Starport  
  26  3:25  SCV  
  27  3:28  Marine  
  28  3:37  Refinery  
  28  3:41  Barracks  
  28  3:43  Barracks  
  28  3:49  Hellion x2  
  28  3:53  Orbital Command  
  32  4:01  Viking  
  34  4:10  Hellion  
  34  4:11  Hellion  
  34  4:13  SCV, Barracks Tech Lab  
  39  4:25  Orbital Command, SCV  
  40  4:32  Hellion x2  
  44  4:38  SCV  
  44  4:42  Supply Depot  
  45  4:45  Supply Depot  
  45  4:47  Barracks Tech Lab  
  45  4:48  Barracks Reactor, Engineering Bay  
  45  4:50  SCV  
  45  4:51  Stimpack, Supply Depot  
  46  5:04  SCV x2  
  48  5:16  SCV  
  48  5:18  SCV  
  50  5:27  Marauder, Marine  
  50  5:28  Marauder, SCV  
  56  5:30  SCV  
  56  5:31  Starport Tech Lab  
  53  5:40  SCV  
  53  5:42  SCV, Marine  
  53  5:45  Marine  
  53  5:47  Terran Infantry Weapons Level 1  
  53  5:49  Marauder x2  
  59  5:52  SCV  
  59  5:54  SCV  
  59  5:55  Refinery  
  61  6:00  Supply Depot x2  
  61  6:04  SCV  
  61  6:06  SCV  
  61  6:08  Engineering Bay  
  61  6:09  Missile Turret  
  61  6:10  Armory  
  63  6:15  Missile Turret  
  63  6:20  SCV  
  63  6:21  SCV  
  65  6:30  Marine x2  
  65  6:31  Marauder x2  
  71  6:46  SCV  
  71  6:47  SCV  
  71  6:48  Marine  
  71  6:51  Combat Shields  
  71  6:53  Refinery  
  72  6:58  SCV  
  72  6:59  SCV, Siege Tank  
  77  7:13  Barracks  
  77  7:14  Command Center  
  77  7:16  Factory  
  77  7:19  Medivac  
  79  7:36  SCV x2  
  81  7:38  Siege Tank  
  81  7:41  Medivac  
  86  7:53  Marine  
  86  8:06  Terran Infantry Weapons Level 2, Terran Infantry Armor Level 1  
  86  8:11  Barracks Reactor  
  86  8:17  Barracks, Supply Depot  
  86  8:19  Supply Depot  
  86  8:22  Supply Depot  
  86  8:24  Marine x4, Medivac  
  86  8:26  Medivac  
  94  8:29  Orbital Command  
  94  8:38  Factory Tech Lab  
  94  8:41  Supply Depot  
  94  8:42  Marine x4  
  94  8:43  Supply Depot  
  94  8:45  Supply Depot  
  94  8:46  Supply Depot  
  98  8:58  Siege Tank x2  
  98  9:00  Marine x4  
  98  9:02  Marine  
  109  9:03  Marine  
  109  9:08  Terran Vehicle Weapons Level 1  
  109  9:09  Supply Depot  
  110  9:18  Marine x4  
  110  9:20  Marine x2  
  116  9:35  Marine x4  
  116  9:38  Marine x2  
  121  9:43  Siege Tank x2  
  128  9:50  Orbital Command  
  128  10:00  Marine x3  
  131  10:49  SCV  
  133  10:50  SCV x2  
  133  10:52  Siege Tank  
  133  10:53  Marine, Siege Tank  
  133  10:54  Marine x5  
  144  10:58  Medivac  
  144  11:02  SCV  
  144  11:03  Terran Vehicle And Ship Armor Level 1  
  147  11:11  Marine  
  147  11:12  Marine x5  
  153  11:25  Siege Tank x2  
  159  11:29  Marine  
  159  11:30  Marine x5  
  165  11:47  Marine x5  
  165  11:48  Marine  
  171  12:05  Marine x2  
  173  12:11  Siege Tank  
  173  12:15  Siege Tank  
  167  12:24  Refinery, Marine x6  
  167  12:28  Refinery  
Tags
 
Add a new tag
Caveats
  • Supply blocks, unpowered buildings, or Contaminate may cause inaccurate times.
  • Supply counts are checked every 10 seconds.